 Dungeon Crawl Stone Soup version 0.22.1-1-ga44c0e5 (webtiles) character file.

89 Irenicus the Chopper (level 4, 0/39 HPs)
             Began as a Deep Dwarf Gladiator on Sept 28, 2018.
             Slain by a gnoll
             ... wielding a +0 spear
              (3 damage)
             ... on level 3 of the Dungeon.
             The game lasted 00:08:28 (1148 turns).

Irenicus the Chopper (Deep Dwarf Gladiator)         Turns: 1148, Time: 00:08:29

Health: 0/39       AC:  4    Str: 18    XL:     4   Next: 31%
Magic:  4/4        EV: 13    Int:  8    God:
Gold:   75         SH:  0    Dex: 15    Spells: 3/3 levels left

rFire    . . .     SeeInvis .   d - +1 whip (vamp)
rCold    . . .     Gourm    .   (no shield)
rNeg     . . .     Faith    .   b - +0 leather armour
rPois    .         Spirit   .   c - +0 helmet
rElec    .         Reflect  .   (no cloak)
rCorr    .         Harm     .   (no gloves)
MR       .....                  (no boots)
Stlth    ++........             (no amulet)
HPRegen  0.00/turn              g - ring of stealth
MPRegen  0.09/turn              (no ring)

@: non-regenerating
A: damage resistance, heal wounds, sense surroundings 1, no regeneration
a: Heal Wounds


You were on level 3 of the Dungeon.
You were not hungry.

You visited 1 branch of the dungeon, and saw 3 of its levels.

You collected 75 gold pieces.

Inventory:

Hand Weapons
 a - a +0 war axe
 d - a +1 vampiric whip (weapon)
Missiles
 f - a throwing net
 k - 7 javelins (quivered)
Armour
 b - a +0 leather armour (worn)
 c - a +0 helmet (worn)
Jewellery
 g - a ring of stealth (left hand)
Scrolls
 e - 3 scrolls of identify
Potions
 h - a potion of cancellation
 i - a potion of agility {unknown}
 j - a potion of curing
 l - a potion of lignification {unknown}


   Skills:
 - Level 1.7 Fighting
 + Level 5.7 Axes
 - Level 1.7 Throwing
 - Level 3.2 Dodging


You had 3 spell levels left.
You didn't know any spells.
Your spell library was empty.

Dungeon Overview and Level Annotations

Branches:
Dungeon (3/15)

Altars:
Ru
Yredelemnul


Innate Abilities, Weirdness & Mutations

You are resistant to damage.
You can heal yourself by infusing magical energy.
You passively map a small area around you.
You do not regenerate.


Message History

The gnoll is heavily wounded.
The gnoll hits you with a flail.
You hit the gnoll.
The gnoll is severely wounded.
The gnoll hits you but does no damage.
You completely miss the gnoll.
The gnoll is severely wounded.
The gnoll hits you from afar with a spear.
* * * LOW HITPOINT WARNING * * *
The gnoll hits you with a flail.
* * * LOW HITPOINT WARNING * * *
You hit the gnoll.
You kill the gnoll!
The gnoll completely misses you.
The gnoll hits you from afar with a spear.
* * * LOW HITPOINT WARNING * * *
Things that are here:
a flail; 18 gold pieces The gnoll hits you from afar with a spear.
You die...

* ### .,>## * ,, ..#*
,.#... * , , ,...
*..(# * , *#, #.#
##.# * #.*#.# ##..#
####.##.####...##
#..............?#####
,* * *,
#..........@##...,, ,
, , ,
####>#####)###.### ,
#.# *#g#.....# ###
###.# #.#g.....##...#
..# #...#
#.###...!.....# #.#
#.### ##,#.......##.
#.# #.# #.#...<.##
#.# #.#
#####......... * #.#
#.# ###.#..!.. *


You could see a gnoll.

Vanquished Creatures
  An adder (D:2)
  A gnoll (D:3)
  2 worms
  2 dart slugs
  A leopard gecko (D:1)
  6 orcs (D:3)
  4 bats
  4 giant cockroaches
  4 goblins
  8 hobgoblins
  5 kobolds
  2 quokkas (D:2)
  A ball python (D:3)
  3 frilled lizards
  10 rats
54 creatures vanquished.

Notes
Turn   | Place    | Note
-------+----------+-------------------------------------------
     0 | D:1      | Irenicus the Deep Dwarf Gladiator began the quest for the
                  | Orb.
     0 | D:1      | Reached XP level 1. HP: 19/19 MP: 1/1
    96 | D:1      | Reached XP level 2. HP: 17/26 MP: 2/2
    96 | D:1      | Reached skill level 4 in Axes
   497 | D:2      | Reached XP level 3. HP: 24/32 MP: 3/3
   584 | D:2      | Reached skill level 5 in Axes
  1055 | D:3      | Reached XP level 4. HP: 18/39 MP: 4/4
  1078 | D:3      | Found a basalt altar of Yredelemnul.
  1078 | D:3      | Found a sacrificial altar of Ru.
  1148 | D:3      | Slain by a gnoll

Skill      XL: |  1  2  3 |
---------------+----------+-----
Axes           | 4 5 |  5.7
Fighting       | |  1.7
Throwing       | |  1.7
Dodging        | |  3.2

Action                   |  1- 3 |  4- 6 || total
-------------------------+-------+-------++-------
Melee: War axe           |   115 |    10 ||   125
       Whip              |       |    16 ||    16
Throw: Throwing net      |     3 |     1 ||     4
  Use: Scroll            |     6 |     1 ||     7
       Potion            |     4 |       ||     4
 Stab: Sleeping          |     5 |       ||     5
  Eat: Ration            |       |     2 ||     2
       Chunk             |       |     1 ||     1
Armor: Leather armour    |    29 |     3 ||    32
Dodge: Dodged            |    80 |    16 ||    96
